 Dungeon Crawl Stone Soup version 0.29-a0-542-g075992c915 (webtiles) character file.

Game seed: 17167782693758324228

55661 spaghetti the Blocker (level 14, 0/139 HPs)
             Began as a Naga Fire Elementalist on June 4, 2022.
             Was an Initiate of Gozag.
             Slain by a spriggan
             ... wielding a +0 spear
              (10 damage)
             ... on level 5 of the Lair of Beasts.
             The game lasted 00:50:49 (28609 turns).

spaghetti the Blocker (Naga Fire Elementalist)     Turns: 28609, Time: 00:50:50

Health: 0/139      AC: 13    Str: 12    XL:     14   Next: 78%
Magic:  13/36      EV: 11    Int: 26    God:    Gozag
Gold:   881        SH: 13    Dex: 13    Spells: 7/32 levels left

rFire   + + +      SeeInvis +   s - +4 war axe of Dismemberment {drain, MP+9 Stlth+, axe}
rCold   + . .      Faith    .   H - +2 shield of Resistance {rF++ rC++ Will++}
rNeg    . . .      Spirit   .   R - +1 robe {Archmagi}
rPois   +          Reflect  .   X - +1 hat {Stlth+}
rElec   .          Harm     .   m - +2 cloak
rCorr   .          Rampage  .   A - +1 pair of gloves
Will    +++..      Archmagi +   (no barding)
Stlth   ++++......              (no amulet)
HPRegen 0.33/turn               p - ring of fire
MPRegen 0.25/turn               N - +6 ring of intelligence

@: gold aura, very slow
A: AC +4, large, see invisible, deformed body, poison resistance, slowness 2,
spit poison 2, naga tail 2, agile 1, passive freeze, robust 1, sturdy frame 1
a: Breathe Poison Gas, Renounce Religion, Potion Petition, Call Merchant, Bribe
Branch


You were on level 5 of the Lair of Beasts.
You worshipped Gozag.
Gozag was pleased with you.
You visited 4 branches of the dungeon, and saw 19 of its levels.
You also visited: Volcano.

You collected 5379 gold pieces.
You spent 2634 gold pieces at shops.
You paid 1864 gold pieces to Gozag.


Innate Abilities, Weirdness & Mutations

Your serpentine skin is tough. (AC +4)
You have supernaturally acute eyesight. (SInv)
Armour fits poorly on your strangely shaped body.
Your system is resistant to poisons. (rPois)
You cover ground very slowly.
You can exhale a cloud of poison.
You can use your snake-like lower body to constrict enemies.
You are agile. (Dex +2)
A frigid envelope surrounds you and freezes all who hurt you.
You are robust. (+10% HP)
Your movements are slightly less encumbered by armour. (ER -2)


   Skills:
 - Level 8.7 Fighting
 - Level 7.0 Armour
 - Level 7.3 Dodging
 - Level 3.0 Stealth
 + Level 11.0 Shields
 - Level 9.9 Spellcasting
 - Level 10.2 Conjurations
 - Level 10.4 Fire Magic
 - Level 3.0 Poison Magic


You had 7 spell levels left.
You knew the following spells:

 Your Spells              Type           Power      Damage    Failure   Level
a - Foxfire               Conj/Fire      100%       2x1d9     1%          1
b - Scorch                Fire           100%       2d10      1%          2
c - Conjure Flame         Conj/Fire      100%       6-21      1%          3
d - Inner Flame           Hex/Fire       74%        N/A       3%          3
e - Flame Wave            Conj/Fire      100%       2d17      1%          4
f - Ignite Poison         Fire/Tmut/Pois 69%        N/A       4%          3
g - Sticky Flame          Conj/Fire      100%       2d11      1%          4
h - Fireball              Conj/Fire      50%        3d20      3%          5

Your spell library contained the following spells:

 Spells                   Type           Power      Damage    Failure   Level
 Dazzling Flash           Conj/Hex       100%       N/A       3%          3
 Stone Arrow              Conj/Erth      100%       3d13      3%          3
 Sting                    Tmut/Pois      100%       1d8       4%          1
 Poisonous Vapours        Pois/Air       62%        N/A       7%          2
 Sandblast                Erth           38%        2d10      9%          1
 Fulminant Prism          Conj/Hex       28%        3d14      10%         4
 Hailstorm                Conj/Ice       56%        3d12      10%         4
 Iskenderun's Mystic Bla  Conj/Tloc      56%        2d12      10%         4
 Passwall                 Tmut/Erth      15%        N/A       13%         2
 Starburst                Conj/Fire      50%        6d14      19%         6
 Olgreb's Toxic Radiance  Pois           42%        N/A       24%         4
 Call Canine Familiar     Summ           19%        N/A       26%         3
 Confusing Touch          Hex            19%        N/A       26%         3
 Portal Projectile        Hex/Tloc       38%        N/A       26%         3
 Irradiate                Conj/Tmut      28%        3d22      28%         5
 Lightning Bolt           Conj/Air       28%        1d44      28%         5
 Leda's Liquefaction      Hex/Erth       9%         N/A       63%         4
 Summon Ice Beast         Ice/Summ       19%        N/A       63%         4
 Lee's Rapid Deconstruct  Erth           9%         3d8*      93%         5
 Summon Mana Viper        Hex/Summ       19%        N/A       93%         5
 Yara's Violent Unravell  Hex/Tmut       9%         3d6       93%         5
 Enfeeble                 Hex            9%         N/A       100%        7
 Monstrous Menagerie      Summ           9%         N/A       100%        7
 Fire Storm               Conj/Fire      50%        8d13      100%        9

Inventory:

Hand Weapons
 s - the +4 war axe of Dismemberment (weapon) {drain, MP+9 Stlth+, axe}
   (You took it off an orc wizard on level 8 of the Dungeon)

   A truly terrible weapon, it drains the life of any living foe it strikes.
   MP:        It affects your magic capacity (+9).
   Stlth:     It makes you more stealthy.
 Q - a +0 dagger of electrocution {short}
   (You took it off an orc wizard on level 7 of the Dungeon)
 T - the +8 autumn katana {vorpal, manifold assault}
   (You found it on level 4 of the Lair of Beasts)

   It sometimes launches melee attacks against multiple visible enemies.
Missiles
 b - 24 poisoned darts {throwing}
 c - 452 stones (quivered) {throwing}
 j - 3 silver boomerangs {throwing}
 n - a throwing net {=f!fthrowing}
 u - 5 datura-tipped darts {throwing}
 v - 22 boomerangs {throwing}
 J - 2 javelins {throwing}
 P - 2 curare-tipped darts {=fthrowing}
Armour
 m - a +2 cloak (worn)
   (You bought it in a shop on level 2 of the Orcish Mines)
 A - a +1 pair of gloves (worn)
   (You found it on level 4 of the Dungeon)
 H - the +2 shield of Resistance (worn) {rF++ rC++ Will++}
   (You bought it in a shop on level 1 of the Orcish Mines)

   rF:        It greatly protects you from fire.
   rC:        It greatly protects you from cold.
   Will:      It greatly increases your willpower.
 R - a +1 robe of the Archmagi (worn)
   (You took it off an orc wizard on level 7 of the Dungeon)
 X - a +1 hat of stealth (worn)
   (You took it off Gastronok on level 8 of the Dungeon)
Magical Staves
 I - a staff of earth {!astaff}
   (You found it on level 4 of the Lair of Beasts)
Jewellery
 p - a ring of fire (left hand)
   (You found it on level 2 of the Dungeon)
 r - a ring of willpower
   (You found it on level 2 of the Dungeon)
 y - a ring of resist corrosion
   (You found it on level 4 of the Dungeon)
 B - a +6 ring of dexterity
   (You took it off a gnoll on level 6 of the Dungeon)
 D - a +6 ring of dexterity
   (You found it on level 2 of the Lair of Beasts)
 L - a ring of see invisible
   (You found it on level 6 of the Dungeon)
 N - a +6 ring of intelligence (right hand)
   (You found it on level 7 of the Dungeon)
Wands
 h - a wand of paralysis (10)
   (You took it off a gnoll on level 9 of the Dungeon)
 w - a wand of digging (15)
   (You took it off Crazy Yiuf on level 5 of the Dungeon)
 E - a wand of mindburst (4)
   (You found it on level 3 of the Lair of Beasts)
 F - a wand of flame (31)
   (You found it on level 6 of the Dungeon)
 U - a wand of iceblast (4)
   (You found it on level 8 of the Dungeon)
Scrolls
 a - 5 scrolls of immolation {!r!r}
 d - 5 scrolls of noise {!r}
 g - 8 scrolls of teleportation {@r4}
 i - a scroll of silence {!r}
 l - 4 scrolls of vulnerability {!r!r}
 t - a scroll of brand weapon
 x - 2 scrolls of enchant armour
 z - a scroll of fear
 O - a scroll of fog
 W - a scroll of blinking {!r}
 Y - a scroll of magic mapping {!r}
Potions
 e - 3 potions of mutation {!q}
 f - 2 potions of berserk rage {!q}
 o - 11 potions of curing {@q1}
 q - 6 potions of might
 C - 3 potions of flight
 G - a potion of heal wounds {@q2}
 K - 2 potions of haste {@q3}
 M - 3 potions of lignification {!q}
 S - a potion of resistance
 V - 2 potions of brilliance
Miscellaneous
 k - a piece from Xom's chessboard (14/15)
   (You found it on level 11 of the Dungeon)

Dungeon Overview and Level Annotations

Branches:
Dungeon (11/15)            Temple (1/1) D:7            Lair (5/6) D:9
  Swamp (0/4) Lair:3       Spider (0/4) Lair:2        Slime (0/5) Lair:5
    Orc (2/2) D:9             Elf (0/3) Orc:2       Volcano (visited)

Altars:
Ashenzari
Cheibriados
Dithmenos
Elyvilon
Fedhas
Gozag
Hepliaklqana
Kikubaaqudgha
Makhleb
Nemelex Xobeh
Okawaru
Qazlal
Ru
Sif Muna
Trog
Uskayaw
Vehumet
Wu Jian
Xom
Yredelemnul
Zin
The Shining One
Beogh
Jiyva

Shops:
Orc:1 [   Orc:2 [*[::

Annotations:
D:3 1 runed translucent door, royokou's ghost, amateur MeEE
Lair:4 3 runed translucent doors, ders's ghost, journeyman DjCj

..........#
♣..g......♣♣
##........#
♣.♣.......♣
P.........#
♣..♣......♣
PP........#
♣.♣♣♣.♣g♣♣.♣
.#........#
♣♣.♣♣♣♣♣.. ♣
..........#
♣.♣♣ ♣♣♣
#.........#
♣♣.♣
#.........#
♣$♣♣
###.......#
♣♣@♣ #
#...[....
♣l♣
###........
♣♣i
...........
♣g
...........
♣♣
###........
#........
##........
#>........


You could see a komodo dragon (summoned, combustible), a spriggan (combustible)
and a boggart (invisible).


Message History

😮 MP[-2]
You lost 2 mp, and now have 29/36 mp.
Casting: Scorch (safe; 1% risk of failure)
Confirm with . or Enter, or press ? or * to list all spells.
You feel a strong surge of power!
Flames lash the spriggan.
The spriggan's fire resistance burns away.
You hear a shout!
You hear a loud, deep croak!
The spriggan rider hits you from afar with a +0 spear!!
The spriggan hits you with a +1 short sword of speed!
* * * LOW HITPOINT WARNING * * *
The spriggan is very cold.
You kill the spriggan! 😨 HP[-31] MP[-2]
You take 31 damage, and now have 66/139 hp.
MASSIVE DAMAGE!! (PAUSE)
You lost 2 mp, and now have 27/36 mp.
Casting: Scorch (safe; 1% risk of failure)
Confirm with . or Enter, or press ? or * to list all spells.
You feel a strong surge of power!
Flames lash the spriggan rider.
The spriggan rider's fire resistance burns away.
The spriggan rider hits you from afar with a +0 spear!
* * * LOW HITPOINT WARNING * * *
😨 HP[-15] MP[-1]
You take 15 damage, and now have 51/139 hp.
You lost 1 mp, and now have 26/36 mp.
Casting: Scorch (safe; 1% risk of failure)
Confirm with . or Enter, or press ? or * to list all spells.
You feel a strong surge of power!
Flames lash the spriggan rider.
The spriggan rider is burned terribly!
A boggart comes into view.
You block the spriggan rider's attack. 😨 MP[-2]
You lost 2 mp, and now have 24/36 mp.
Casting: Scorch (safe; 1% risk of failure)
Confirm with . or Enter, or press ? or * to list all spells.
You feel a strong surge of power!
Flames lash the boggart.
The boggart's fire resistance burns away.
You hear a croak.
The spriggan rider hits you from afar with a +0 spear!!
* * * LOW HITPOINT WARNING * * *
😱 HP[-17] MP[-2]
You take 17 damage, and now have 34/139 hp.
You lost 2 mp, and now have 22/36 mp.
Casting: Scorch (safe; 1% risk of failure)
Confirm with . or Enter, or press ? or * to list all spells.
You feel a strong surge of power!
Flames lash the spriggan rider.
The spriggan rider is burned terribly!
You hear a shout!
The spriggan rider barely misses you. 😱 MP[-2]
You lost 2 mp, and now have 20/36 mp.
Unknown command.
Casting: Scorch (safe; 1% risk of failure)
Confirm with . or Enter, or press ? or * to list all spells.
You feel a strong surge of power!
Flames lash the spriggan rider.
The spriggan rider is burned terribly!
You kill the hornet!
The spriggan falls from its now dead mount.
You hear a loud, deep croak!
The boggart mumbles some strange words.
The spriggan hits you from afar with a +0 spear!
* * * LOW HITPOINT WARNING * * *
Your Shields skill increases to level 11! 😱 HP[-7] MP[-1]
You take 7 damage, and now have 27/139 hp.
You lost 1 mp, and now have 19/36 mp.
Casting: Scorch (safe; 1% risk of failure)
Confirm with . or Enter, or press ? or * to list all spells.
You feel a strong surge of power!
Flames lash the spriggan.
The spriggan is burned terribly!
The boggart casts a spell.
The komodo dragon bites you!
* * * LOW HITPOINT WARNING * * *
The komodo dragon is very cold.
The spriggan hits you but does no damage. 😱 HP[-11] MP[-2]
You take 11 damage, and now have 16/139 hp.
You lost 2 mp, and now have 17/36 mp.
Casting: Scorch (safe; 1% risk of failure)
Confirm with . or Enter, or press ? or * to list all spells.
You feel a strong surge of power!
Flames lash the komodo dragon.
The komodo dragon's fire resistance burns away.
The boggart gestures wildly while chanting.
The komodo dragon hisses menacingly.
You block the komodo dragon's attack.
The spriggan hits you from afar with a +0 spear.
* * * LOW HITPOINT WARNING * * *
😱 HP[-6] MP[-2]
You take 6 damage, and now have 10/139 hp.
You lost 2 mp, and now have 15/36 mp.
Casting: Scorch (safe; 1% risk of failure)
Confirm with . or Enter, or press ? or * to list all spells.
You feel a strong surge of power!
Flames lash the komodo dragon.
The komodo dragon is burned terribly!
The boggart is no longer more vulnerable to fire.
The boggart casts a spell.
The boggart flickers and vanishes for a moment.
The spriggan hits you from afar with a +0 spear!
You die...
Your body crumbles into a pile of gold.

Skill      XL: |  1  2  3  4  5  6  7  8  9 10 11 12 13 14 |
---------------+-------------------------------------------+-----
Spellcasting   | 3 4 5 6 7 8 9 |  9.9
Fire Magic     | 4 5 6 7 8 9 10 | 10.4
Conjurations   | 3 4 5 6 7 8 9 10 | 10.2
Poison Magic   | 1 3 |  3.0
Fighting       | 2 4 5 6 7 8 |  8.7
Shields        | 2 4 5 6 7 11 | 11.0
Armour         | 2 3 4 5 6 7 |  7.0
Dodging        | 3 4 5 6 7 |  7.3
Stealth        | |  3.0

Action                   |  1- 3 |  4- 6 |  7- 9 | 10-12 | 13-15 || total
-------------------------+-------+-------+-------+-------+-------++-------
Melee: Unarmed           |     8 |       |       |    23 |       ||    31
       Club              |    16 |       |       |       |       ||    16
       Dagger            |     6 |    24 |    62 |    42 |       ||   134
       War axe           |       |       |       |    39 |    62 ||   101
       Constrict         |       |       |       |       |    14 ||    14
Throw: Stone             |       |       |    14 |    34 |       ||    48
 Cast: Foxfire           |    47 |    56 |    62 |   280 |   351 ||   796
       Scorch            |     2 |    50 |   116 |   140 |   195 ||   503
       Flame Wave        |       |       |       |    13 |    11 ||    24
       Inner Flame       |       |       |       |    28 |    15 ||    43
       Sticky Flame      |       |       |       |     2 |     2 ||     4
       Ignite Poison     |       |       |       |     3 |     3 ||     6
       Fireball          |       |       |       |       |     1 ||     1
Invok: Potion Petition   |       |       |       |     1 |       ||     1
       Call Merchant     |       |       |       |     2 |       ||     2
 Abil: Spit Poison       |     8 |     5 |     5 |       |       ||    18
       Breathe Poison Ga |       |       |     2 |    18 |     4 ||    24
Evoke: Wand              |       |       |       |     3 |     4 ||     7
       Piece from Xom's  |       |       |       |       |     2 ||     2
  Use: Potion            |     1 |     3 |     7 |     4 |     3 ||    18
       Scroll            |       |     7 |     3 |    11 |     6 ||    27
 Stab: Sleeping          |     3 |     1 |       |     2 |     5 ||    11
       Distracted        |       |       |       |     1 |       ||     1
Armor: Robe              |     9 |    21 |    29 |    57 |    65 ||   181
       Skin              |       |       |    16 |     1 |       ||    17
       Steam dragon scal |       |       |    10 |     4 |       ||    14
Dodge: Dodged            |    23 |    46 |    32 |   121 |    89 ||   311
Block: Buckler           |     9 |     6 |     9 |       |       ||    24
       Kite shield       |       |       |       |   144 |   120 ||   264

Levels and vault maps discovered:
D:1:      saegor_arrival_fortress, layout_loops_ring
D:2:      layout_basic, hellmonk_ecumenical_altar_inner_sanctum
D:3:      layout_basic, kennysheep_vampire_church, gammafunk_ghost_grave,
          uniq_jessica
D:4:      minmay_bubble_buster, layout_basic, nicolae_overflow_crystal_walls,
          st_stairs_1
D:5:      layout_basic, chequers_serial_rivers_small_a, kennysheep_nub,
          uniq_prince_ribbit1, uniq_menkaure, uniq_crazy_yiuf_cottage
D:6:      kennysheep_steamy, layout_basic, nicolae_ossuary_entry_catacombs,
          chequers_serial_rivers_room_b, minmay_misc_feat_tiny,
          uniq_blork_the_orc
D:7:      layout_basic, mainiacjoe_overflow_swirl,
          minmay_temple_entry_antechambers, minmay_misc_feat_five,
          kennysheep_generic_room_4, uniq_maggie
D:8:      layout_basic, nicolae_tso_besieged_by_evil, uniq_grum, uniq_psyche,
          uniq_gastronok
D:9:      layout_small_grid, erik_lair_island, orc_0_dummy, uniq_pikel
D:10:     layout_loops_corners, nicolae_ru_path_of_blood,
          hangedman_decor_riveting, st_stairs_2, uniq_nergalle
D:11:     layout_cave_pools, gauntlet_entry_generic, kennysheep_minor_cross,
          sword_in_stone, uniq_harold, uniq_erica
Temple:   lightli_temple_of_artemis
Lair:1:   layout_regular_city
Lair:2:   layout_misc_corridors, spider_nest_entry_a, minmay_holes,
          grunt_forest_stairs_clearing, grunt_megastairs_3
Lair:3:   layout_misc_corridors, minmay_swamp_entry_worms,
          infiniplex_staircase_pool_2
Lair:4:   layout_loops_ring, ebering_ghost_rock_garden, serial_bayou_lake_a,
          infiniplex_staircase_pool, serial_bayou_shore_b, serial_bayou_shore_b
Lair:5:   kb_forest_paths, layout_regular_city, slime_altar_1,
          nicolae_volcano_entry_hallway, uniq_josephine
Orc:1:    layout_caves, mines2_david, uniq_urug
Orc:2:    st_orc_pillars, layout_caves

Notes
Turn   | Place    | Note
-------+----------+-------------------------------------------
     0 | D:1      | spaghetti the Naga Fire Elementalist began the quest for
                  | the Orb.
     0 | D:1      | Reached XP level 1. HP: 15/15 MP: 3/3
     0 | D:1      | magus.rc [v1.9.6]
   249 | D:1      | magus.rc [v1.9.6]
   260 | D:1      | HP: 1/15 [quokka (3)]
   673 | D:1      | Reached XP level 2. HP: 22/22 MP: 1/5
  1098 | D:1      | Learned a level 2 spell: Scorch
  1455 | D:1      | Reached skill level 3 in Spellcasting
  1455 | D:1      | Reached XP level 3. HP: 11/28 MP: 0/7
  2032 | D:1      | You pick up a book of Geomancy and begin reading...
  2032 | D:1      | You add the spells Sandblast, Passwall and Stone Arrow to
                  | your library.
  2528 | D:2      | Reached XP level 4. HP: 36/36 MP: 9/9
  2812 | D:2      | Learned a level 3 spell: Conjure Flame
  2816 | D:2      | Learned a level 3 spell: Inner Flame
  2884 | D:2      | Found a faded altar of an unknown god.
  3275 | D:3      | Found a runed translucent door.
  3276 | D:3      | Noticed royokou's ghost (amateur MeEE)
  3350 | D:3      | Noticed Jessica
  3353 | D:3      | Killed Jessica
  3354 | D:3      | Reached skill level 4 in Spellcasting
  3929 | D:3      | Reached XP level 5. HP: 42/42 MP: 8/11
  4068 | D:3      | Reached skill level 4 in Fire Magic
  4106 | D:3      | Found an ancient bone altar of Kikubaaqudgha.
  4204 | D:3      | You pick up a book of Blasting and begin reading...
  4204 | D:3      | You add the spells Fulminant Prism, Iskenderun's Mystic
                  | Blast and Lee's Rapid Deconstruction to your library.
  4250 | D:3      | Learned a level 4 spell: Flame Wave
  4303 | D:3      | Reached XP level 6. HP: 38/49 MP: 7/12
  5141 | D:3      | Reached skill level 2 in Conjurations
  5808 | D:4      | Reached skill level 5 in Spellcasting
  5808 | D:4      | Reached skill level 3 in Conjurations
  5808 | D:4      | Reached XP level 7. HP: 55/55 MP: 9/14
  5817 | D:4      | Found a stormy altar of Qazlal.
  6446 | D:5      | Entered Level 5 of the Dungeon
  6495 | D:5      | You add the spells Ignite Poison and Sticky Flame to your
                  | library.
  6528 | D:5      | Reached skill level 5 in Fire Magic
  6532 | D:5      | Reached skill level 4 in Conjurations
  6536 | D:5      | Learned a level 3 spell: Ignite Poison
  6637 | D:5      | HP: 6/55 [iguana (12)]
  6642 | D:5      | Reached skill level 1 in Poison Magic
  6903 | D:5      | You pick up a book of Blasting and begin reading...
  6996 | D:5      | Reached XP level 8. HP: 63/63 MP: 9/16
  7081 | D:5      | Reached skill level 1 in Fighting
  7081 | D:5      | Reached skill level 2 in Poison Magic
  7167 | D:5      | Noticed Menkaure
  7178 | D:5      | Gained mutation: You are robust. (+10% HP) [potion of
                  | mutation]
  7178 | D:5      | Gained mutation: You have hidden genetic potential. [potion
                  | of mutation]
  7178 | D:5      | Gained mutation: A frigid envelope surrounds you and
                  | freezes all who hurt you. [potion of mutation]
  7178 | D:5      | Gained mutation: Your movements are slightly less
                  | encumbered by armour. (ER -2) [potion of mutation]
  7178 | D:5      | HP: 17/70 [??? (14)]
  7186 | D:5      | HP: 24/105 [orc wizard/+0 halberd (6)]
  7192 | D:5      | Reached skill level 5 in Conjurations
  7194 | D:5      | HP: 35/157 [Menkaure (4)]
  7196 | D:5      | Killed Menkaure
  7558 | D:5      | Noticed Prince Ribbit
  7582 | D:5      | Killed Prince Ribbit
  7583 | D:5      | Reached skill level 2 in Fighting
  7583 | D:5      | Reached skill level 6 in Spellcasting
  7583 | D:5      | Reached skill level 3 in Poison Magic
  8018 | D:5      | Found a runed translucent door.
  8019 | D:5      | Noticed Crazy Yiuf
  8024 | D:5      | Killed Crazy Yiuf
  8138 | D:6      | You pick up a book of Spectacle and begin reading...
  8138 | D:6      | You add the spells Dazzling Flash and Starburst to your
                  | library.
  8149 | D:6      | You pick up a book of the Hunter and begin reading...
  8149 | D:6      | You add the spells Call Canine Familiar, Portal Projectile
                  | and Leda's Liquefaction to your library.
  8160 | D:6      | Reached skill level 6 in Fire Magic
  8198 | D:6      | Reached XP level 9. HP: 81/81 MP: 4/18
  8237 | D:6      | Reached skill level 1 in Shields
  8237 | D:6      | Reached skill level 6 in Conjurations
  8239 | D:6      | Reached skill level 1 in Armour
  8239 | D:6      | Reached skill level 2 in Dodging
  8239 | D:6      | Gained mutation: You can exhale a cloud of poison. [hidden
                  | potential]
  8422 | D:6      | Identified a scroll of acquirement
  8424 | D:6      | Acquired Xotsigoh's Incunabulum of Confrontation
  8425 | D:6      | You add the spells Hailstorm, Irradiate, Lightning Bolt,
                  | Fireball and Fire Storm to your library.
  8431 | D:6      | Learned a level 4 spell: Sticky Flame
  8508 | D:6      | Reached skill level 3 in Fighting
  8631 | D:6      | Reached skill level 2 in Shields
  8710 | D:6      | Noticed Blork the orc
  8718 | D:6      | Killed Blork the orc
  8734 | D:6      | Reached skill level 2 in Armour
  9329 | D:6      | Reached skill level 3 in Dodging
  9865 | D:7      | Noticed Maggie
  9871 | D:7      | Killed Maggie
  9872 | D:7      | Reached skill level 4 in Fighting
  9872 | D:7      | Reached skill level 7 in Fire Magic
  9872 | D:7      | Reached XP level 10. HP: 79/93 MP: 6/20
  9964 | D:7      | Reached skill level 3 in Shields
  9968 | D:7      | Gained mutation: You are agile. (Dex +2) [hidden potential]
  9968 | D:7      | Lost mutation: You have hidden genetic potential. [hidden
                  | potential expressed]
 10269 | D:7      | Reached skill level 7 in Spellcasting
 10271 | D:7      | Reached skill level 3 in Armour
 10656 | D:7      | Identified a +1 robe of the Archmagi
 10902 | D:7      | Found a staircase to the Ecumenical Temple.
 11218 | D:7      | Found a shadowy altar of Dithmenos.
 11236 | D:7      | Found a sparkling altar of Nemelex Xobeh.
 11483 | Temple   | Entered the Ecumenical Temple
 11512 | Temple   | Became a worshipper of Gozag Ym Sagoz the Greedy
 11708 | D:8      | Found a glowing golden altar of the Shining One.
 11722 | D:8      | Reached skill level 7 in Conjurations
 11738 | D:8      | Noticed Psyche
 11745 | D:8      | Reached skill level 4 in Dodging
 11746 | D:8      | Noticed Grum
 11751 | D:8      | Identified the +4 war axe of Dismemberment {drain, MP+9
                  | Stlth+}
 11752 | D:8      | HP: 16/95 [orc priest/divine providence (11)]
 11752 | D:8      | HP: 7/95 [Grum/+1 spear (1)]
 11769 | D:8      | Killed Psyche
 11770 | D:8      | Reached skill level 5 in Fighting
 11770 | D:8      | Reached skill level 4 in Shields
 11794 | D:8      | Reached XP level 11. HP: 42/105 MP: 5/22
 12028 | D:8      | Killed Grum
 12246 | D:8      | Noticed Gastronok
 12254 | D:8      | Killed Gastronok
 12255 | D:8      | Reached skill level 4 in Armour
 12255 | D:8      | Reached skill level 8 in Fire Magic
 12497 | D:8      | You pick up a book of the Hunter and begin reading...
 12875 | D:9      | Noticed a two-headed ogre
 12878 | D:9      | Noticed Pikel
 12881 | D:9      | Killed a two-headed ogre
 12887 | D:9      | Killed Pikel
 13082 | D:9      | You pick up a book of Misfortune and begin reading...
 13082 | D:9      | You add the spells Confusing Touch, Yara's Violent
                  | Unravelling and Enfeeble to your library.
 13099 | D:9      | Paralysed by a hornet for 3 turns
 13101 | D:9      | Reached skill level 6 in Fighting
 13101 | D:9      | Reached skill level 8 in Spellcasting
 13202 | D:9      | Reached skill level 5 in Shields
 13208 | D:9      | Learned a level 5 spell: Fireball
 13252 | D:9      | Reached skill level 8 in Conjurations
 13289 | D:9      | Reached skill level 5 in Dodging
 13538 | D:9      | Found a staircase to the Lair.
 13976 | D:9      | Found a staircase to the Orcish Mines.
 14179 | D:10     | Entered Level 10 of the Dungeon
 14353 | D:10     | Noticed a two-headed ogre
 14366 | D:10     | Killed a two-headed ogre
 14367 | D:10     | Reached XP level 12. HP: 93/116 MP: 21/24
 14912 | D:10     | Noticed Nergalle
 14929 | D:10     | Killed Nergalle
 15198 | D:10     | Reached skill level 5 in Armour
 15311 | D:10     | Found a sacrificial altar of Ru.
 15633 | Orc:1    | Entered Level 1 of the Orcish Mines
 15642 | Orc:1    | Noticed an orc high priest
 15648 | Orc:1    | Noticed a sun demon
 15880 | Orc:1    | Killed an orc high priest
 15881 | Orc:1    | Reached skill level 9 in Fire Magic
 16345 | Orc:1    | Bought a pair of scorched gloves for 313 gold pieces
 16345 | Orc:1    | Identified the +0 pair of gloves of Responsibility {-Cast
                  | rPois Regen+} (You bought it in a shop on level 1 of the
                  | Orcish Mines)
 16368 | Orc:2    | Entered Level 2 of the Orcish Mines
 16536 | Orc:2    | Noticed an orc warlord
 16543 | Orc:2    | Noticed a sun demon
 16546 | Orc:2    | Killed an orc warlord
 16546 | Orc:2    | HP: 26/116 [orc sorcerer/bolt of fire[an orc warlord] (15)]
 16547 | Orc:2    | Reached skill level 7 in Fighting
 16547 | Orc:2    | Reached skill level 6 in Shields
 16553 | Orc:2    | Paralysed by an orc sorcerer for 2 turns
 16566 | Orc:1    | HP: 27/119 [orc warrior/+0 glaive (6)]
 16952 | D:11     | Noticed an eight-headed hydra
 16961 | D:11     | Killed a nine-headed hydra
 17019 | D:11     | Noticed Erica
 17028 | D:11     | Killed Erica
 17043 | D:11     | HP: 23/119 [skeletal warrior/+0 battleaxe (22)]
 17395 | Orc:2    | Reached skill level 6 in Dodging
 17395 | Orc:2    | Reached skill level 9 in Conjurations
 18857 | Orc:2    | Reached skill level 9 in Spellcasting
 18998 | Orc:2    | Gained mutation: You can use your snake-like lower body to
                  | constrict enemies. [Naga growth]
 18998 | Orc:2    | Reached XP level 13. HP: 112/126 MP: 17/26
 19602 | Orc:1    | Noticed an ettin
 19609 | Orc:1    | HP: 9/127 [ettin/+0 great mace of protection (32)]
 19610 | Orc:1    | Killed an ettin
 19611 | Orc:1    | Reached skill level 6 in Armour
 21039 | Orc:2    | Found a staircase to the Elven Halls.
 21149 | Orc:2    | Reached skill level 8 in Fighting
 21150 | Orc:2    | Reached skill level 7 in Shields
 21150 | Orc:2    | HP: 30/128 [orc knight/bolt (18)]
 21155 | Orc:2    | HP: 25/128 [orc warrior/+0 war axe (13)]
 21593 | Orc:2    | Found Vares's Book Shoppe.
 21593 | Orc:2    | Found Cadufy's Book Shoppe.
 21594 | Orc:2    | Found Gituih's Assorted Antiques.
 21594 | Orc:2    | Found Qoett's Antique Armour Emporium.
 21602 | Orc:2    | Bought a glowing cloak for 180 gold pieces
 21746 | Lair:1   | Entered Level 1 of the Lair of Beasts
 21794 | Lair:1   | Reached skill level 10 in Fire Magic
 22386 | Lair:1   | You add the spells Sting, Poisonous Vapours and Olgreb's
                  | Toxic Radiance to your library.
 23335 | Lair:2   | You pick up a book of Blasting and begin reading...
 23351 | Lair:2   | Reached skill level 7 in Dodging
 23659 | Lair:2   | Reached skill level 10 in Conjurations
 23713 | Lair:2   | Found a hole to the Spider Nest.
 23725 | Lair:2   | Reached XP level 14. HP: 139/139 MP: 27/27
 24828 | Lair:3   | Reached skill level 7 in Armour
 25124 | Lair:3   | You pick up a book of Beasts and begin reading...
 25124 | Lair:3   | You add the spells Summon Ice Beast, Summon Mana Viper and
                  | Monstrous Menagerie to your library.
 25305 | Orc:1    | Bought the +2 shield of Resistance {rF++ rC++ Will++} for
                  | 2141 gold pieces
 25305 | Orc:1    | Found the +2 shield of Resistance {rF++ rC++ Will++}
 25468 | Lair:3   | Found a staircase to the Swamp.
 25718 | Lair:4   | Reached skill level 8 in Shields
 25806 | Lair:4   | Found a runed translucent gate.
 25807 | Lair:4   | Found a runed translucent gate.
 25808 | Lair:4   | Found a runed translucent gate.
 25811 | Lair:4   | Noticed ders's ghost (journeyman DjCj)
 26438 | Lair:4   | Reached skill level 9 in Shields
 26796 | Lair:4   | Found the +8 autumn katana {vorpal, manifold assault}
 27189 | Lair:5   | Found a staircase to the Slime Pits.
 27190 | Lair:5   | Found a viscous altar of Jiyva.
 27292 | Lair:5   | Found a dark tunnel.
 27341 | Volcano  | Entered a volcano
 27362 | Volcano  | Found a burning altar of Makhleb.
 27444 | Volcano  | Reached skill level 10 in Shields
 27446 | Volcano  | HP: 33/139 [two-headed ogre/+0 great mace of flaming (31)]
 28604 | Lair:5   | HP: 34/139 [spriggan rider/+0 spear (18)]
 28607 | Lair:5   | Reached skill level 11 in Shields
 28607 | Lair:5   | HP: 16/139 [komodo dragon[a boggart] (12)]
 28609 | Lair:5   | Slain by a spriggan

Vanquished Creatures
  Gastronok (D:8)
  An orc warlord (Orc:2)
  An ettin (Orc:1)
  4 hydras
  An ogre mage (Volcano)
  8 two-headed ogres
  Erica (D:11)
  6 orc high priests
  A hell knight (Volcano)
  Nergalle (D:10)
  Pikel (D:9)
  5 orc knights (Orc:2)
  4 orc sorcerers
  3 black mambas
  4 elephants (Lair:4)
  Psyche (D:8)
  6 cane toads
  A rime drake (Lair:4)
  Maggie (D:7)
  8 komodo dragons
  2 polar bears
  6 trolls
  A tyrant leech (Lair:3)
  3 hornets
  Prince Ribbit (D:5)
  15 blink frogs
  4 dream sheep (Lair:4)
  10 spriggans
  3 wyverns
  44 yaks
  Grum (D:8)
  A basilisk (Lair:3)
  5 steam dragons
  A redback (Lair:2)
  Menkaure (D:5)
  2 swamp worms (Lair:3)
  4 wargs
  An acid dragon (D:9)
  7 water moccasins
  4 ice beasts
  38 orc warriors
  3 black bears
  3 ogres
  25 wolves
  6 centaurs
  2 phantoms
  2 elf zombies (D:6)
  4 kobold brigands
  Blork the orc (D:6)
  13 bullfrogs
  2 necrophages
  An elf skeleton (D:6)
  5 wights
  13 killer bees
  2 vampire bats (D:3)
  3 howler monkeys
  5 electric eels
  6 hounds
  2 human zombies (D:6)
  Crazy Yiuf (D:5)
  A gnoll shaman (D:9)
  25 orc priests
  Jessica (D:3)
  2 human skeletons (D:6)
  4 iguanas
  30 orc wizards
  17 gnolls
  2 adders
  2 shadow imps
  A white imp (D:8)
  3 ufetubi
  5 worms
  3 dart slugs
  93 orcs
  6 bat zombies (D:3)
  11 endoplasms
  2 giant cockroaches
  4 hobgoblins
  2 jackals (D:5)
  23 kobolds
  5 quokkas
  6 ball pythons
  5 bats
  4 frilled lizards
  11 goblins
  A goblin skeleton (D:8)
  2 hobgoblin zombies (D:8)
  2 kobold skeletons (D:8)
  3 orc skeletons (D:6)
  3 orc zombies
  9 rats
600 creatures vanquished.

Vanquished Creatures (collateral kills)
  29 foxfires
29 creatures vanquished.

Vanquished Creatures (others)
  An orc wizard (Orc:2)
  1370 foxfires
  36 fungi
  55 plants
  2 withered plants (D:3)
1464 creatures vanquished.

Grand Total: 2093 creatures vanquished

Table legend:
 A = Non-vault XP
 B = Vault XP
 C = Vault XP percentage of total XP
 D = Non-vault monster count
 E = Vault monster count
 F = Vault count percentage of total count
                 A         B        C        D         E       F
            +---------+---------+-------+---------+---------+-------
      Total |   49893 |   29623 |  37.3 |     446 |     154 |  25.7
            +---------+---------+-------+---------+---------+-------
        D:1 |      57 |       0 |   0.0 |      29 |       0 |   0.0
        D:2 |      48 |       0 |   0.0 |      24 |       0 |   0.0
        D:3 |      74 |     282 |  79.2 |      19 |      11 |  36.7
        D:4 |     196 |      53 |  21.3 |      19 |      11 |  36.7
        D:5 |     900 |     481 |  34.8 |      26 |       3 |  10.3
        D:6 |    1350 |     922 |  40.6 |      21 |      14 |  40.0
        D:7 |    2147 |     376 |  14.9 |      27 |       1 |   3.6
        D:8 |    2477 |    2512 |  50.4 |      41 |      15 |  26.8
        D:9 |    4455 |    1621 |  26.7 |      31 |       9 |  22.5
       D:10 |    2658 |    1283 |  32.6 |      14 |       4 |  22.2
       D:11 |     866 |     828 |  48.9 |       1 |       1 |  50.0
     Lair:1 |    5718 |       0 |   0.0 |      20 |       0 |   0.0
     Lair:2 |    6202 |    1209 |  16.3 |      25 |       7 |  21.9
     Lair:3 |    4028 |     631 |  13.5 |      15 |       3 |  16.7
     Lair:4 |    7282 |       0 |   0.0 |      28 |       0 |   0.0
     Lair:5 |    2332 |    2907 |  55.5 |      14 |      13 |  48.1
      Orc:1 |    3955 |       6 |   0.2 |      31 |       2 |   6.1
      Orc:2 |    5148 |    9910 |  65.8 |      61 |      52 |  46.0
    Volcano |       0 |    6602 | 100.0 |       0 |       8 | 100.0
            +---------+---------+-------+---------+---------+-------

Illustrated notes

Table legend:
 A = Kills in this place as a percentage of kills in entire the game.
 B = Kills by you in this place as a percentage of kills by you in the entire game.
 C = Kills by friends in this place as a percentage of kills by friends in the entire game.
 D = Other kills in this place as a percentage of other kills in the entire game.
 E = Experience gained in this place as a percentage of experience gained in the entire game.
 F = Experience gained in this place divided by the number of levels of this place that you have seen.
                   A       B       C       D       E      F
               +-------+-------+-------+-------+-------+----------------------
         Total | 100.0 | 100.0 |   N/A |   N/A | 100.0 | 3975.8
       Dungeon |  53.5 |  53.5 |   N/A |   N/A |  29.7 | 2144.2
          Lair |  20.8 |  20.8 |   N/A |   N/A |  38.1 | 6061.8
  Orcish Mines |  24.3 |  24.3 |   N/A |   N/A |  23.9 | 9509.5
       Volcano |   1.3 |   1.3 |   N/A |   N/A |   8.3 | 6602.0
               +-------+-------+-------+-------+-------+----------------------

Table legend: (Time is in decaauts)
 A = Elapsed time spent in this place.
 B = Non-inter-level travel time spent in this place.
 C = Inter-level travel time spent in this place.
 D = Time resting spent in this place.
 E = Time spent auto-exploring this place.
 F = Levels seen in this place.
 G = Mean time per level.
                   A        B        C        D        E       F      G
               +--------+--------+--------+--------+--------+-----+--------+
         Total |  33732 |  31839 |   1893 |   5228 |  22646 |  20 | 1686.6 |
       Dungeon |  20025 |  19271 |    754 |   2989 |  14138 |  11 | 1820.5 |
        Temple |     60 |     40 |     20 |      0 |      0 |   1 |   60.0 |
          Lair |   7250 |   6878 |    372 |    811 |   5276 |   5 | 1450.0 |
  Orcish Mines |   5774 |   5029 |    745 |   1359 |   2793 |   2 | 2887.0 |
       Volcano |    621 |    621 |      0 |     68 |    437 |   1 |  621.0 |
               +--------+--------+--------+--------+--------+-----+--------+

Top non-repeatable levels by time:
   Orc:2: 3971 daAuts
     D:9: 2740 daAuts
     D:1: 2500 daAuts
     D:7: 2200 daAuts
     D:3: 2112 daAuts
    D:10: 2082 daAuts
     D:6: 2040 daAuts
  Lair:4: 1895 daAuts
     D:5: 1865 daAuts
   Orc:1: 1803 daAuts
     D:4: 1749 daAuts
  Lair:1: 1710 daAuts
  Lair:2: 1352 daAuts
  Lair:3: 1324 daAuts
     D:2: 1303 daAuts
